 Dungeon Crawl Stone Soup version 0.21.1-1-g345015fe64 (webtiles) character file.

19557 Peloso the Carver (level 12, 0/110 HPs)
             Began as a Minotaur Fighter on June 29, 2018.
             Was the Champion of Okawaru.
             Shot with an arrow by Nessos (2 damage)
             ... on level 12 of the Dungeon.
             The game lasted 00:25:39 (10728 turns).

Peloso the Carver (Minotaur Fighter)               Turns: 10728, Time: 00:25:41

Health: 0/110      AC: 21    Str: 29    XL:     12   Next: 37%
Magic:  7/12       EV:  9    Int:  8    God:    Okawaru [******]
Gold:   643        SH:  9    Dex: 12    Spells: 11/11 levels left

rFire    + . .     SeeInvis .   a - +5 long sword (freeze)
rCold    + . .     Gourm    .   B - +2 buckler
rNeg     . . .     Faith    +   u - +1 plate armour
rPois    .         Spirit   .   (helmet restricted)
rElec    .         Reflect  .   d - +0 cloak
rCorr    .         Harm     .   r - +0 pair of gloves
MR       .....                  J - +0 pair of boots "Zustimec" {Int+3}
Stlth    ..........             L - amulet of faith
HPRegen  0.28/turn              o - ring of protection from fire
MPRegen  0.13/turn              y - ring of protection from cold

@: mighty, lethally poisoned (0 -> -24), studying Bows
A: retaliatory headbutt, horns 2
a: Heroism, Finesse, Renounce Religion


You were on level 12 of the Dungeon.
You worshipped Okawaru.
Okawaru was exalted by your worship.
You were not hungry.

You visited 1 branch of the dungeon, and saw 12 of its levels.

You collected 643 gold pieces.

Inventory:

Hand Weapons
 a - a +5 long sword of freezing (weapon)
 t - a +0 demon trident
Armour
 d - a +0 cloak (worn)
 r - a +0 pair of gloves (worn)
 u - a +1 plate armour (worn)
 B - a +2 buckler (worn)
 E - +0 acid dragon scales
 J - the +0 pair of boots "Zustimec" (worn) {Int+3}
   (Okawaru gifted it to you on level 12 of the Dungeon)

   It affects your intelligence (+3).
Jewellery
 e - an uncursed amulet of guardian spirit
 o - a ring of protection from fire (left hand)
 x - an uncursed ring of ice
 y - a ring of protection from cold (right hand)
 L - an amulet of faith (around neck)
Wands
 m - a wand of iceblast (14)
 p - a wand of enslavement (20)
 w - a wand of flame (39)
 C - a wand of paralysis (20)
Scrolls
 c - 2 scrolls of enchant weapon {unknown}
 g - 5 scrolls of magic mapping
 h - 3 scrolls of teleportation
 i - 8 scrolls of remove curse
 l - 5 scrolls of blinking
 q - a scroll of amnesia {unknown}
 F - a scroll of identify
 K - a scroll of fear
 N - a scroll of fog
Potions
 b - 4 potions of agility
 j - a potion of cancellation
 k - 6 potions of heal wounds
 n - a potion of haste
 s - 2 potions of curing
 v - 2 potions of flight
 z - 4 potions of degeneration {unknown}
 A - a potion of ambrosia {unknown}
 D - a potion of berserk rage {unknown}
Books
 H - a manual of Bows
Miscellaneous
 G - a sack of spiders
Comestibles
 f - 29 rations
 M - a chunk of flesh


   Skills:
 + Level 11.1 Fighting
 + Level 14.4 Long Blades
 + Level 12.1 Armour
 + Level 2.1 Dodging
 + Level 1.2 Stealth
 + Level 11.4 Shields
 + Level 0.7 Unarmed Combat
 + Level 1.9 Invocations


You had 11 spell levels left.
You didn't know any spells.

Dungeon Overview and Level Annotations

Branches:
Dungeon (12/15)            Temple (0/1) D:7            Lair (0/6) D:10
    Orc: D:9-12

Altars:
Dithmenos
Elyvilon
Fedhas
Hepliaklqana
Makhleb
Nemelex Xobeh
Okawaru
Ru
Trog
The Shining One

Annotations:
D:12 Nessos


Innate Abilities, Weirdness & Mutations

You reflexively headbutt those who attack you in melee.
You have a pair of horns on your head.


Message History

Nessos shoots an arrow.
You block the arrow.
Items here: ( )) [ † an uncursed shortbow; 17 arrows; a hand axe; a chain mail; a centaur corpse Unknown command.
Your hands slow down.
You feel sick.
Nessos unwields an uncursed longbow of flaming.
It stops flaming.
Nessos barely misses you. Nessos hits you.
* * * LOW HITPOINT WARNING * * *
You slice Nessos!! You freeze Nessos. Your headbutt misses Nessos.
Nessos is severely wounded.
Nessos blinks! x2
Unknown command.
You feel sick.
Nessos wields an uncursed longbow of flaming.
It bursts into flame!
Nessos shoots an arrow.
The arrow hits you!
* * * LOW HITPOINT WARNING * * *
The arrow burns you.
You are lethally poisoned!
You die...

... ##... #.# ..#.#
###.## ##.#.### #....#
...... #.#..# #.#'##
#.#..#.####....##
#.#..#...((...>.##
#.#..#####.).§...##
####....####.(..@....#
..).....[).((......§.+
#####...####....c....#
##.## ##.$.....## #.#
##.....## #.# ##...##
#.# ##+## #.# #.#


You could see Nessos.

Vanquished Creatures
  Kirke (D:12)
  Josephine (D:12)
  2 hydras (D:12)
  2 two-headed ogres
  2 unseen horrors
  An ugly thing (D:9)
  A cyclops (D:11)
  Joseph (D:10)
  A gargoyle (D:10)
  5 trolls
  6 hippogriffs
  7 wraiths
  8 redbacks (D:12)
  A basilisk (D:10)
  6 yaks
  A wyvern (D:10)
  6 hogs (D:12)
  A hungry ghost (D:9)
  A hell hound (D:12)
  An acid dragon (D:10)
  4 sky beasts
  4 orc warriors
  5 ice beasts
  A necrophage (D:10)
  An eye of draining (D:10)
  A phantom (D:5)
  7 ogres
  7 centaurs
  2 crocodiles
  A big kobold (D:9)
  6 bullfrogs
  A gnoll sergeant (D:8)
  A scorpion (D:10)
  8 wights
  A vampire bat (D:5)
  3 howler monkeys
  A centaur zombie (D:7)
  A bullfrog zombie (D:7)
  5 crimson imps
  9 hounds
  6 orc priests
  3 jellies
  A quasit (D:11)
  A bullfrog skeleton (D:5)
  A gnoll shaman (D:10)
  A centaur skeleton (D:4)
  4 iguanas
  12 orc wizards
  4 worker ants
  3 hound zombies
  A hound skeleton (D:8)
  A worker ant zombie (D:11)
  14 gnolls
  12 adders
  3 shadow imps
  An adder zombie (D:7)
  3 worms
  2 dart slugs (D:1)
  3 fire bats (D:5)
  3 leopard geckos
  54 orcs
  2 spectral bats (D:5)
  A bat simulacrum (D:5)
  3 bat skeletons (D:5)
  A bat zombie (D:5)
  7 giant cockroaches
  9 goblins
  7 hobgoblins
  13 jackals
  3 kobolds (D:2)
  5 quokkas
  4 ball pythons
  13 bats
  2 frilled lizards
  2 jackal skeletons
  A leopard gecko skeleton (D:7)
  A quokka zombie (D:9)
  6 rats
337 creatures vanquished.

Vanquished Creatures (others)
  A human (D:12)
1 creature vanquished.

Grand Total: 338 creatures vanquished

Notes
Turn   | Place    | Note
-------+----------+-------------------------------------------
     0 | D:1      | Peloso the Minotaur Fighter began the quest for the Orb.
     0 | D:1      | Reached XP level 1. HP: 19/19 MP: 0/0
   149 | D:1      | Reached XP level 2. HP: 27/27 MP: 1/1
   764 | D:2      | Reached XP level 3. HP: 30/33 MP: 2/2
   790 | D:2      | Reached skill level 3 in Long Blades
   892 | D:2      | Found a blossoming altar of Fedhas.
  1428 | D:3      | Reached XP level 4. HP: 34/40 MP: 3/3
  1469 | D:3      | Found a faded altar of an unknown god.
  1505 | D:3      | Found a blossoming altar of Fedhas.
  1604 | D:3      | Noticed a bullfrog
  1613 | D:3      | Killed a bullfrog
  1613 | D:3      | Reached skill level 4 in Long Blades
  1613 | D:3      | Reached skill level 1 in Dodging
  1613 | D:3      | Reached XP level 5. HP: 19/47 MP: 2/4
  2252 | D:4      | Found a glowing golden altar of the Shining One.
  2396 | D:4      | Reached skill level 5 in Long Blades
  2406 | D:4      | Reached XP level 6. HP: 53/53 MP: 5/5
  2498 | D:4      | Reached skill level 5 in Fighting
  2500 | D:4      | Reached skill level 5 in Armour
  2764 | D:4      | Reached skill level 5 in Shields
  2987 | D:5      | Entered Level 5 of the Dungeon
  3070 | D:5      | Reached skill level 6 in Long Blades
  3070 | D:5      | Reached XP level 7. HP: 61/61 MP: 6/6
  3625 | D:5      | Found a white marble altar of Elyvilon.
  3648 | D:5      | Reached skill level 7 in Long Blades
  3692 | D:5      | Found an iron altar of Okawaru.
  3786 | D:5      | Became a worshipper of Warmaster Okawaru
  3838 | D:5      | Reached XP level 8. HP: 68/68 MP: 7/7
  3976 | D:6      | Found a bloodstained altar of Trog.
  4102 | D:6      | Reached skill level 8 in Long Blades
  4701 | D:7      | Found a sacrificial altar of Ru.
  4810 | D:7      | Reached skill level 9 in Long Blades
  4827 | D:7      | Reached * piety under Okawaru
  4840 | D:7      | Found a staircase to the Ecumenical Temple.
  5067 | D:7      | Found a hazy altar of Hepliaklqana.
  5256 | D:7      | Found a sparkling altar of Nemelex Xobeh.
  5518 | D:8      | Reached XP level 9. HP: 77/77 MP: 8/8
  5638 | D:8      | Noticed a troll
  5644 | D:8      | Killed a troll
  5738 | D:8      | Reached skill level 10 in Long Blades
  5771 | D:8      | Found a shadowy altar of Dithmenos.
  5800 | D:8      | Reached ** piety under Okawaru
  6580 | D:9      | Reached skill level 11 in Long Blades
  6789 | D:9      | Reached XP level 10. HP: 82/88 MP: 6/9
  6882 | D:9      | Noticed a brown ugly thing
  6890 | D:9      | Killed a brown ugly thing
  6890 | D:9      | Reached *** piety under Okawaru
  7168 | D:9      | Found a burning altar of Makhleb.
  7319 | D:10     | Entered Level 10 of the Dungeon
  7338 | D:10     | Noticed Joseph
  7356 | D:10     | Killed Joseph
  7623 | D:10     | Noticed a two-headed ogre
  7627 | D:10     | Killed a two-headed ogre
  7627 | D:10     | Reached **** piety under Okawaru
  7627 | D:10     | Reached skill level 12 in Long Blades
  7818 | D:10     | Killed an unseen horror
  7818 | D:10     | Reached ***** piety under Okawaru
  7824 | D:10     | Reached skill level 1 in Invocations
  7845 | D:10     | Reached skill level 10 in Armour
  7871 | D:10     | Reached XP level 11. HP: 68/95 MP: 7/10
  8064 | D:10     | Reached skill level 13 in Long Blades
  8416 | D:10     | Found a staircase to the Lair.
  8909 | D:11     | Reached skill level 10 in Shields
  9416 | D:12     | Noticed Kirke
  9429 | D:12     | Reached skill level 10 in Fighting
  9431 | D:12     | Noticed a lindwurm
  9558 | D:12     | Killed Kirke
  9558 | D:12     | Received a gift from Okawaru
  9558 | D:12     | Reached skill level 14 in Long Blades
  9566 | D:12     | Got a pair of steaming boots {god gift}
  9574 | D:12     | Identified the +0 pair of boots "Zustimec" {Int+3} (Okawaru gifted it to you on level 12 of the Dungeon)
  9617 | D:12     | Noticed a four-headed hydra
  9634 | D:12     | Killed a 14-headed hydra
 10004 | D:12     | Reached skill level 1 in Stealth
 10008 | D:12     | Reached ****** piety under Okawaru
 10012 | D:12     | Reached XP level 12. HP: 55/108 MP: 6/12
 10466 | D:12     | Noticed a two-headed ogre
 10478 | D:12     | Killed a two-headed ogre
 10510 | D:12     | Noticed Josephine
 10522 | D:12     | Killed Josephine
 10695 | D:12     | Noticed a five-headed hydra
 10706 | D:12     | Killed a nine-headed hydra
 10706 | D:12     | Received a gift from Okawaru
 10710 | D:12     | Noticed Nessos
 10728 | D:12     | HP: 2/110 [Nessos/arrow (12)]
 10728 | D:12     | Shot with an arrow by Nessos

Skill      XL: |  1  2  3  4  5  6  7  8  9 10 11 12 |
---------------+-------------------------------------+-----
Armour         | 4 5 6 7 8 10 11 12 | 12.1
Fighting       | 4 5 6 7 8 10 11 | 11.1
Long Blades    | 3 4 5 6 7 9 11 12 14 | 14.4
Shields        | 4 5 6 7 8 9 10 11 | 11.4
Dodging        | 1 2 |  2.1
Invocations    | 1 |  1.9
Stealth        | 1 |  1.2
Unarmed Combat | |  0.7

Action                   |  1- 3 |  4- 6 |  7- 9 | 10-12 || total
-------------------------+-------+-------+-------+-------++-------
Melee: Long sword        |    87 |    91 |   143 |   460 ||   781
       Headbutt          |    15 |    15 |    97 |   127 ||   254
       Falchion          |       |       |   273 |       ||   273
       Unarmed           |       |       |       |     3 ||     3
Invok: Heroism           |       |       |       |     4 ||     4
       Finesse           |       |       |       |     2 ||     2
Evoke: Wand              |       |     2 |       |       ||     2
  Use: Scroll            |     4 |       |    11 |     3 ||    18
       Potion            |       |       |     1 |     3 ||     4
  Eat: Chunk             |     1 |     5 |     6 |     8 ||    20
       Ration            |       |       |     2 |     2 ||     4
Armor: Scale mail        |    38 |       |       |       ||    38
       Chain mail        |     7 |    51 |       |       ||    58
       Plate armour      |       |     2 |   271 |   269 ||   542
Dodge: Dodged            |    29 |    24 |    99 |   151 ||   303
Block: Shield            |    48 |    39 |   131 |       ||   218
       Buckler           |       |       |   101 |   174 ||   275
       Rpst.: Long sword |     8 |     7 |     5 |    29 ||    49
       Falchion          |       |       |    19 |       ||    19
